 Dungeon Crawl Stone Soup version 0.27.0-1-g7a089689b8 (webtiles) character file.

Game seed: 14583938816329500008

5 MajorAdolf the Sneak (level 1, -2/15 HPs)
             Began as a Naga Wanderer on Aug 9, 2021.
             Slain by a jackal (3 damage)
             ... on level 1 of the Dungeon.
             The game lasted 00:01:32 (282 turns).

MajorAdolf the Sneak (Naga Wanderer)                 Turns: 282, Time: 00:01:32

Health: -2/15      AC:  1    Str: 11    XL:     1   Next: 80%
Magic:  2/2        EV:  7    Int: 14    God:
Gold:   5          SH:  7    Dex: 11    Spells: 2/2 levels left

rFire    . . .     SeeInvis +   a - +0 spear
rCold    . . .     Faith    .   b - +0 kite shield
rNeg     . . .     Spirit   .   d - +0 robe
rPois    +         Reflect  .   (no helmet)
rElec    .         Harm     .   (no cloak)
rCorr    .         Rampage  .   (no gloves)
Will     .....                  (no barding)
Stlth    ++........             (no amulet)
HPRegen  0.05/turn              (no ring)
MPRegen  0.08/turn              (no ring)

@: short of breath, very slow
A: AC +0, large, see invisible, deformed body, poison resistance, slowness 2,
spit poison 1, naga tail 1
a: Spit Poison


You were on level 1 of the Dungeon.
You visited 1 branch of the dungeon, and saw 1 of its levels.

You collected 5 gold pieces.

Inventory:

Hand Weapons
 a - a +0 spear (weapon)
 e - a +0 dagger
Armour
 b - a +0 kite shield (worn)
 d - a +0 robe (worn)
Scrolls
 f - a scroll of brand weapon {unknown}
Potions
 c - a potion of curing


   Skills:
 - Level 2.0 Polearms
 - Level 1.0 Dodging
 - Level 3.0 Stealth
 + Level 2.0 Shields
 - Level 1.0 Spellcasting
 - Level 2.6 Poison Magic


You had 2 spell levels left.
You didn't know any spells.
Your spell library was empty.

Dungeon Overview and Level Annotations

Branches:
Dungeon (1/15)

Altars:

Shops:
D:1 (

Annotations:
D:1 exclusion: 2 jackals


Innate Abilities, Weirdness & Mutations

Your serpentine skin is tough. (AC +0)
You have supernaturally acute eyesight. (SInv)
Armour fits poorly on your strangely shaped body.
Your system is resistant to poisons. (rPois)
You cover ground very slowly.
You can spit poison.
You have a snake-like lower body.


Message History

A jackal is nearby!
You hit the jackal.
The jackal is almost dead.
You block the jackal's attack.
A frilled lizard comes into view.
A jackal comes into view.
The jackal closely misses you.
Press: ? - help, Shift-Dir - straight line, f - jackal
Aim: a jackal (almost dead)
The splash of poison misses the jackal.
The jackal barks!
The jackal bites you.
Unknown command.
The jackal barely misses you. The jackal bites you.
You closely miss the jackal.
The jackal is severely wounded.
The jackal bites you.
The jackal bites you but does no damage.
You miss the jackal.
The jackal is severely wounded.
You have got your breath back.
The jackal bites you. x2
You hit the jackal but do no damage.
The jackal is severely wounded.
The jackal bites you.
* * * LOW HITPOINT WARNING * * *
You barely miss the jackal.
The jackal is severely wounded.
You block the jackal's attack.
The jackal bites you but does no damage.
Press: ? - help, Shift-Dir - straight line, f/p - jackal
Aim: a jackal (severely wounded)
The splash of poison misses the jackal. x2; The jackal bites you.
* * * LOW HITPOINT WARNING * * *
Unknown command.
You hit the jackal but do no damage.
The jackal is severely wounded.
The jackal bites you but does no damage.
The jackal bites you.
You die...

+.....+.#.#
#
#######.#.#
#......#
#######.###
+.....'.#
#.###+#'#
#.##....#
#....####
#@#### #h#
#h# ♣.∩l♣#
##♣. .# #.
##


You could see 2 jackals and a frilled lizard.

Vanquished Creatures
  A goblin (D:1)
  A jackal (D:1)
  A kobold (D:1)
  2 rats (D:1)
5 creatures vanquished.

Notes
Turn   | Place    | Note
-------+----------+-------------------------------------------
     0 | D:1      | MajorAdolf the Naga Wanderer began the quest for the Orb.
     0 | D:1      | MajorAdolf set off with the following items: a +0 spear, a
                  | +0 kite shield, a potion of curing, a +0 robe, a +0 dagger
     0 | D:1      | Reached XP level 1. HP: 15/15 MP: 2/2
   272 | D:1      | Found Atisuhur's Weapon Boutique.
   282 | D:1      | Slain by a jackal

Illustrated notes

Levels and vault maps discovered:
D:1:      shiori_arrival_maze, layout_loops_ring, serial_shops,
          nicolae_shop_trees, grunt_decor_fettered

Skill      XL: |  1 |
---------------+----+-----
Shields        | 2 |  2.0
Polearms       | |  2.0
Dodging        | |  1.0
Stealth        | |  3.0
Spellcasting   | |  1.0
Poison Magic   | |  2.6

Action                   || total
-------------------------++-------
Melee: Spear             ||    14
 Abil: Spit Poison       ||     6
Armor: Robe              ||     4
Dodge: Dodged            ||     3
Block: Kite shield       ||     4
